 Dungeon Crawl Stone Soup version 0.29.1-14-g9c671dbff4 (webtiles) character file.

Game seed: 14924364859975781571

139 protoss039 the Digger (level 5, -2/38 HPs)
             Began as a Demonspawn Earth Elementalist on Feb 16, 2023.
             Slain by a gnoll sergeant
             ... wielding a +0 spear
              (8 damage)
             ... on level 3 of the Dungeon.
             The game lasted 00:04:43 (3037 turns).

protoss039 the Digger (DsEE)                        Turns: 3037, Time: 00:04:44

Health: -2/38      AC:  5    Str:  9    XL:     5   Next: 1%
Magic:  1/9        EV: 12    Int: 18    God:
Gold:   157        SH:  0    Dex: 13    Spells: 4/10 levels left

rFire   . . .      SeeInvis .   k - +0 dagger (venom)
rCold   . . .      Faith    .   (no shield)
rNeg    . . .      Spirit   .   a - +0 robe
rPois   .          Reflect  .   n - +2 helmet
rElec   .          Harm     .   (no cloak)
rCorr   +          Rampage  .   (no gloves)
Will    .....                   (no boots)
Stlth   ++........              (no amulet)
HPRegen 0.12/turn               c - ring of resist corrosion
MPRegen 0.11/turn               f - ring of wizardry

@: no status effects
A: hooves 1, foul stench 1, demonic touch 1
a: no special abilities


You were on level 3 of the Dungeon.
You visited 1 branch of the dungeon, and saw 3 of its levels.

You collected 157 gold pieces.

Inventory:

Hand Weapons
 k - a +0 dagger of venom (weapon)
Missiles
 q - a throwing net (quivered)
Armour
 a - a +0 robe (worn)
 n - a +2 helmet (worn)
Magical Staves
 h - a staff of cold
Jewellery
 c - a ring of resist corrosion (left hand)
 f - a ring of wizardry (right hand)
 l - a ring of see invisible
Scrolls
 d - 3 scrolls of identify {unknown}
 i - 2 scrolls of enchant weapon {unknown}
 j - a scroll of torment {unknown}
Potions
 b - a potion of magic
 e - 5 potions of lignification {unknown}
 g - 2 potions of curing {unknown}
 m - a potion of cancellation {unknown}
 o - a potion of heal wounds {unknown}
 p - a potion of haste {unknown}


   Skills:
 + Level 2.2 Fighting
 - Level 1.7 Dodging
 - Level 1.7 Stealth
 + Level 3.0 Spellcasting
 + Level 1.5 Conjurations
 - Level 0.8 Transmutations
 + Level 3.6 Earth Magic


You had 4 spell levels left.
You knew the following spells:

 Your Spells              Type           Power      Damage    Failure   Level
a - Sandblast             Erth           30%        2d9       1%          1
b - Passwall              Tmut/Erth      8%         N/A       4%          2
c - Stone Arrow           Conj/Erth      22%        3d8       7%          3

Your spell library contained the following spells:

 Spells                   Type           Power      Damage    Failure   Level
 Ensorcelled Hibernation  Hex/Ice        4%         N/A       10%         2
 Petrify                  Tmut/Erth      10%        N/A       26%         4
 Irradiate                Conj/Tmut      3%         3d12      69%         5
 Silence                  Hex/Air        1%         N/A       85%         5


Dungeon Overview and Level Annotations

Branches:
Dungeon (3/15) Zot: 14945

Altars:
Sif Muna


Innate Abilities, Weirdness & Mutations

You have large cloven feet.
You may rarely emit foul miasma when damaged in melee.
Your touch may inflict minor irresistible damage on your foes.


Message History

Press: ? - help, Shift-Dir - straight line, f/p - gnoll sergeant
Aim: a gnoll sergeant, wielding a +0 spear, wearing a +0 scale mail and wearing a +0 buckler (87% to hit)
The blast of sand hits the gnoll sergeant.
The gnoll sergeant is lightly wounded.
The gnoll sergeant closely misses you.
Casting: Sandblast (safe; 1% risk of failure)
Confirm with . or Enter, or press ? or * to list all spells.
Aiming: Sandblast (safe; 1% risk of failure)
Press: ? - help, Shift-Dir - straight line, f/p - gnoll sergeant
Aim: a gnoll sergeant, wielding a +0 spear, wearing a +0 scale mail and wearing a +0 buckler (lightly wounded, 87% to hit)
The blast of sand hits the gnoll sergeant.
The gnoll sergeant is moderately wounded.
The gnoll sergeant hits you from afar with a +0 spear!
The gnoll sergeant closely misses you.
Casting: Sandblast (safe; 1% risk of failure)
Confirm with . or Enter, or press ? or * to list all spells.
Aiming: Sandblast (safe; 1% risk of failure)
Press: ? - help, Shift-Dir - straight line, f/p - gnoll sergeant
Aim: a gnoll sergeant, wielding a +0 spear, wearing a +0 scale mail and wearing a +0 buckler (moderately wounded, 87% to hit)
The blast of sand hits the gnoll sergeant but does no damage.
The gnoll sergeant is moderately wounded.
The gnoll sergeant hits you from afar with a +0 spear!
The gnoll sergeant hits you from afar with a +0 spear!
* * * LOW HITPOINT WARNING * * *
Casting: Sandblast (safe; 1% risk of failure)
Confirm with . or Enter, or press ? or * to list all spells.
Aiming: Passwall (safe; 4% risk of failure)
Press: ? - help, Dir - move target, f - you, p - gnoll sergeant Please select a wall.
Okay, then.
Casting: Passwall (safe; 4% risk of failure)
Confirm with . or Enter, or press ? or * to list all spells.
Aiming: Passwall (safe; 4% risk of failure)
Press: ? - help, Dir - move target, p - gnoll sergeant A rock wall.
You begin to meditate on the wall.
You continue meditating on the rock.
The gnoll sergeant closely misses you.
You continue meditating on the rock.
The gnoll sergeant hits you from afar with a +0 spear!
You die...

##.........>..## #.
#....)..###.### #)
#.......# #.# #. #.......#
#.# #. ##.###### #.# #.
#.########.# #.
#.......##.# #.
#######.##.# ##
####@....##.#########
#.g...§.##...........
#.≈≈≈≈☼.##..#########
#######§≈≈○§≈..#.....#
######....##.≈≈§....#.....#
#<...........≈§≈≈≈..#.....#
######....##.≈≈≈≈≈..#.....#
#....##........#.....# ##
#....###..##.#.#.#...# #.


You could see a gnoll sergeant.

Vanquished Creatures
  4 gnolls (D:3)
  5 adders
  3 worms
  3 ball pythons (D:1)
  3 endoplasms (D:3)
  2 giant cockroaches
  5 goblins
  7 hobgoblins
  2 kobolds
  5 quokkas
  3 bats
  2 frilled lizards
  A rat (D:1)
45 creatures vanquished.

Notes
Turn   | Place    | Note
-------+----------+-------------------------------------------
     0 | D:1      | protoss039 the Demonspawn Earth Elementalist began the
                  | quest for the Orb.
     0 | D:1      | Reached XP level 1. HP: 13/13 MP: 3/3
   393 | D:1      | Found a faded altar of an unknown god.
   426 | D:1      | Discovered your monstrous ancestry.
   426 | D:1      | Gained mutation: Your touch may inflict minor irresistible
                  | damage on your foes. [demonic ancestry]
   426 | D:1      | Reached XP level 2. HP: 20/20 MP: 3/5
   954 | D:1      | Reached skill level 1 in Fighting
  1026 | D:1      | Learned a level 2 spell: Passwall
  1152 | D:2      | Reached XP level 3. HP: 23/26 MP: 6/6
  1230 | D:2      | Got Bohoepp's Spellbook of Maledictive Metamorphosis
  1235 | D:2      | Learned a level 3 spell: Stone Arrow
  2191 | D:3      | Gained mutation: You may rarely emit foul miasma when
                  | damaged in melee. [demonic ancestry]
  2191 | D:3      | Reached XP level 4. HP: 33/33 MP: 8/8
  2267 | D:3      | Reached skill level 1 in Conjurations
  2283 | D:3      | Noticed a gnoll sergeant
  2584 | D:3      | Found a shimmering blue altar of Sif Muna.
  2977 | D:3      | Gained mutation: You have large cloven feet. [demonic
                  | ancestry]
  2977 | D:3      | Reached XP level 5. HP: 30/38 MP: 0/9
  3037 | D:3      | Slain by a gnoll sergeant

Illustrated notes

Levels and vault maps discovered:
D:1:      spicycebolla_arrival_xxxplode, layout_basic,
          ebering_ecumenical_altar_hall
D:2:      layout_basic
D:3:      layout_basic, nicolae_sif_muna_condensation

Skill      XL: |  1  2  3  4 |
---------------+-------------+-----
Fighting       | 1 2 |  2.2
Earth Magic    | 3 |  3.6
Conjurations   | 1 |  1.5
Spellcasting   | 3 |  3.0
Dodging        | |  1.7
Stealth        | |  1.7
Transmutations | |  0.8

Action                   |  1- 3 |  4- 6 || total
-------------------------+-------+-------++-------
Melee: Dagger            |    59 |    10 ||    69
       Touch             |    11 |     2 ||    13
       Punch             |     1 |       ||     1
 Cast: Sandblast         |    15 |    22 ||    37
       Passwall          |       |     4 ||     4
       Stone Arrow       |       |     2 ||     2
 Stab: Distracted        |     1 |       ||     1
       Sleeping          |       |     2 ||     2
Armor: Robe              |    11 |     5 ||    16
Dodge: Dodged            |    32 |    22 ||    54
